 Dungeon Crawl Stone Soup version 0.30.1-9-gdf580d7c3d (webtiles) character file.

Game seed: 18332642239199613555

96 Cheops the Conjurer (level 4, -1/36 HPs)
             Began as a Naga Fire Elementalist on Oct 8, 2023.
             Slain by a kobold
             ... wielding a +0 whip
              (4 damage)
             ... on level 3 of the Dungeon.
             The game lasted 00:05:14 (3488 turns).

Cheops the Conjurer (Naga Fire Elementalist)        Turns: 3488, Time: 00:05:15

Health: -1/36      AC:  3    Str: 10 (11) XL:     4   Next: 67%
Magic:  2/8        EV:  9    Int: 16 (17) God:
Gold:   154        SH:  0    Dex:  9 (11) Spells: 2/9 levels left

rFire   . . .        a - +2 short sword (venom)
rCold   . . .        (no shield)
rNeg    . . .        p - +0 robe
rPois   +            (no helmet)
rElec   .            (no cloak)
rCorr   .            d - +0 pair of gloves
SInv    +            (no barding)
Will    .....        (no amulet)
Stlth   ++           (no ring)
HPRegen 0.26/turn    (no ring)
MPRegen 0.11/turn

%: no passive effects
@: very slow
A: AC +1, large, see invisible, deformed body, poison resistance, slowness 2,
spit poison 1, naga tail 1
a: Spit Poison


You were on level 3 of the Dungeon.
You visited 1 branch of the dungeon, and saw 4 of its levels.

You collected 154 gold pieces.

Inventory:

Hand Weapons
 a - a +2 short sword of venom (weapon)
 e - a +0 club
Armour
 d - a +0 pair of gloves (worn)
 p - a +0 robe (worn)
Jewellery
 i - a ring of fire
 k - an amulet of guardian spirit
Scrolls
 c - a scroll of noise
 n - a scroll of vulnerability
Potions
 b - a potion of magic
 f - 2 potions of degeneration
 g - 4 potions of haste {unknown}
 h - 2 potions of curing {unknown}
 j - a potion of flight {unknown}
 l - a potion of lignification {unknown}
 o - a potion of invisibility {unknown}


   Skills:
 - Level 1.5 Dodging
 - Level 3.0 Stealth
 - Level 3.0 Spellcasting
 + Level 3.5 Conjurations
 - Level 3.0 Fire Magic


You had 2 spell levels left.
You knew the following spells:

 Your Spells              Type           Power      Damage    Failure   Level
a - Foxfire               Conj/Fire      48%        2x1d6     4%          1
b - Scorch                Fire           24%        2d6       9%          2
s - Sticky Flame          Conj/Fire      12%        2d4       43%         4

Your spell library contained the following spells:

 Spells                   Type           Power      Damage    Failure   Level
 Momentum Strike          Conj/Tloc      16%        3d8       14%         2
 Blink                    Tloc           4%         N/A       28%         2
 Lesser Beckoning         Tloc           4%         N/A       28%         2
 Inner Flame              Hex/Fire       7%         N/A       30%         3
 Volatile Blastmotes      Fire/Tloc      14%        2d11      30%         3
 Flame Wave               Conj/Fire      12%        2d6       43%         4
 Vampiric Draining        Necr           2%         2d6       50%         3
 Animate Dead             Necr           2%         N/A       88%         4
 Dispel Undead            Necr           2%         3d7       88%         4


Dungeon Overview and Level Annotations

Branches:
Dungeon (4/15)
 Temple: D:4-7

Altars:

Shops:
D:2 (   D:3 (*

Annotations:
D:3 Edmund


Innate Abilities, Weirdness & Mutations

Your serpentine skin is tough. (AC +1)
You have supernaturally acute eyesight. (SInv)
Armour fits poorly on your strangely shaped body.
Your system is resistant to poisons. (rPois)
You cover ground very slowly.
You can spit poison.
You have a snake-like lower body.


Message History

You conjure some foxfire!
The foxfire hits the iguana but does no damage.
The iguana is lightly wounded.
The foxfire hits the iguana.
The iguana is moderately wounded.
The iguana barely misses you.
Casting: Foxfire (safe; 4% risk of failure)
Confirm with . or Enter, or press ? or * to list all spells.
You conjure some foxfire!
The adder hisses angrily.
The foxfire hits the iguana but does no damage.
The iguana is moderately wounded.
The foxfire hits the iguana.
The iguana is heavily wounded.
The iguana bites you! The kobold hits you but does no damage.
The foxfire hits Edmund.
Edmund is lightly wounded.
The foxfire hits Edmund but does no damage.
Edmund is lightly wounded.
The iguana completely misses you. The kobold hits you but does no damage.
You climb upwards.
There is a stone staircase leading down here.
As you read the scroll labelled KAMMIO DOSA, it crumbles to dust.
You hear a loud clanging noise!
It was a scroll of noise.
Edmund hits you with a +1 dire flail of protection.
The kobold closely misses you. The iguana bites you.
As you read the scroll labelled ENINECL OJUO, it crumbles to dust.
It is a scroll of identify.
n - a scroll of vulnerability Edmund closely misses you.
The kobold barely misses you. The iguana bites you!
* * * LOW HITPOINT WARNING * * *
Okay, then.
It was a potion of degeneration.
There was something very wrong with that liquid.
You feel weakened.
You feel dopey.
You feel clumsy.
Edmund hits you with a +1 dire flail of protection!
* * * LOW HITPOINT WARNING * * *
The kobold hits you with a +0 whip.
You die...

#.# ##.#.## #.#
#.#... #.# #.####
#.######### ##+##
#.........###...##
#.###.###.##.....##
##.....# #.#.......#
#..l...###..........
#.@@................
#..K...###..........
##....####.#.......#
#................##
##.######..).)..##
#.# #...∩..## #.#
##.).).# #.# #.....#
#.###########.####


You could see Edmund, an iguana and a kobold.

Vanquished Creatures
  2 adders
  5 dart slugs
  4 orcs (D:3)
  7 endoplasms
  4 giant cockroaches
  6 goblins
  10 hobgoblins
  2 quokkas (D:1)
  4 ball pythons
  3 bats
  4 frilled lizards (D:1)
  3 kobolds
  4 rats
58 creatures vanquished.

Vanquished Creatures (others)
  191 foxfires
191 creatures vanquished.

Grand Total: 249 creatures vanquished

Notes
Turn   | Place    | Note
-------+----------+-------------------------------------------
     0 | D:1      | Cheops the Naga Fire Elementalist began the quest for the
                  | Orb.
     0 | D:1      | Reached XP level 1. HP: 15/15 MP: 3/3
   161 | D:1      | Reached XP level 2. HP: 22/22 MP: 3/5
   521 | D:1      | Reached XP level 3. HP: 24/28 MP: 4/7
  1224 | D:1      | Learned a level 2 spell: Scorch
  1240 | D:2      | Found Woren's Antique Weapon Boutique.
  1529 | D:2      | Reached XP level 4. HP: 36/36 MP: 6/8
  2237 | D:2      | Learned a level 4 spell: Sticky Flame
  2483 | D:3      | Found Reuteaq's Weapon Shoppe.
  2493 | D:3      | Got Sif Muna's Spellbook of Skeletons
  2755 | D:3      | Found Waocze Lien's General Store.
  3476 | D:4      | Noticed Edmund
  3488 | D:3      | Slain by a kobold

Illustrated notes

Levels and vault maps discovered:
D:1:      minmay_arrival_glassed_features, layout_basic
D:2:      layout_basic, serial_shops, shop, dk_noncrumbling_4
D:3:      layout_loops_corners, serial_shops, shop, nicolae_shop_scrapyard,
          nicolae_figureground_sparkle
D:4:      layout_basic, minmay_temple_entry_junction_2, uniq_edmund

Skill      XL: |  1  2  3  4 |
---------------+-------------+-----
Spellcasting   | 3 |  3.0
Conjurations   | 2 3 |  3.5
Dodging        | |  1.5
Stealth        | |  3.0
Fire Magic     | |  3.0

Action                     |  1- 3 |  4- 6 || total
---------------------------+-------+-------++-------
  Melee: Unarmed           |    24 |       ||    24
         Club              |       |    13 ||    13
   Cast: Foxfire           |    70 |    41 ||   111
         Scorch            |       |     2 ||     2
         Sticky Flame      |       |     1 ||     1
Ability: Spit Poison       |     2 |       ||     2
    Use: Scroll            |       |     2 ||     2
         Potion            |       |     1 ||     1
 Armour: Robe              |    10 |     7 ||    17
  Dodge: Dodged            |    24 |    22 ||    46
